DAK beats Stuart spam

Match 12519731
End
Kradschützen Motorcycle Team
Panzergrenadier Squad
Panzergrenadier Squad
Construct Light Support Kompanie
Fire Support Elements
Grenade Package
Veteran Squad Leaders
2.5-tonne Medical Truck
MG34 Team
Selects Armored Suppot Battlegroup
Selects Armored Suppot Battlegroup
Selects Vehicle Awareness
Panzergrenadier Squad
le.IG 18 Mechanized Group
Pak 38 Anti-tank Gun Team
Pak 38 Anti-tank Gun Team
Selects Panzer Storm
Construct Panzerarmee Kommand
Combat Half-tracks
Walking Stuka Rocket Launcher
Selects Stuka Anti-tank Loiter
Panzerpioneer Squad
Armored Reserves
Tungsten Core Ammunition
Emergency Repair Kits
Stuka Anti-tank Loiter
Selects Veteran Gunners
Selects Flammpanzer III Medium Tank Sd.Kfz. 141
Stuka Anti-tank Loiter
Advanced Field Repairs
Rapid Advance
Vehicle Survival Package
Tiger Heavy Tank
andcrew
frehzii
Daemon7
ChaBoi
literofcola
alphaelf
0
0

Comments sign in to comment!

No comments posted yet!